[ AOE2 MATCH · #508064412 ]
UnrankedMapuche vs Muisca
Player's team · LOSS
Rival team · WIN
[ REPLAY ANALYSIS · EXTRACTED FROM THE RECORDED GAME ]
Feudal
9:15
Castle
—
Imperial
—
| APM avg | 48.9 |
| APM peak | 75 |
| eAPM avg | 21.0 |
| Villagers / military | 47 / 11 |
Focus
⚔️ 38.9% · 🌾 61.1%
Skirmisher ×10 · Spearman ×1
Feudal
8:54
Castle
—
Imperial
—
| APM avg | 63.3 |
| APM peak | 89 |
| eAPM avg | 22.6 |
| Villagers / military | 43 / 15 |
Focus
⚔️ 42.3% · 🌾 57.7%
Archer ×15 · Unknown (2550) ×5
Match map
Initial resources + every placement click. Lines = walls · curves = elevation contours. ◆ gold · ⬟ stone · ● berries · ✦ relic · ◌ wall gap
Your base· Open — unwalled flank
AiM | Cronnos's base· Open — unwalled flank
Smoothed initial terrain · ◌ = detected wall gap · hover for details
Inputs per minute
— Hoppsywins - - AiM | Cronnos
Build order — Hoppsywins
87 actions detected in the replay
| 0:00 | Create | Villager (Male) |
| 0:00 | Create | Villager (Male) |
| 0:03 | Build | House |
| 0:05 | Build | House |
| 0:14 | Create | Villager (Male) |
| 0:24 | Create | Villager (Male) |
| 1:22 | Build | Settlement |
| 1:24 | Create | Villager (Male) |
| 2:02 | Create | Villager (Male) |
| 2:25 | Create | Villager (Male) |
| 2:53 | Create | Villager (Male) |
| 3:19 | Create | Villager (Male) |
| 3:36 | Create | Villager (Male) |
| 4:00 | Create | Villager (Male) |
| 4:24 | Create | Villager (Male) |
| 4:38 | Create | Villager (Male) |
| 4:40 | Build | Settlement |
| 4:45 | Create | Villager (Male) |
| 5:25 | Create | Villager (Male) |
| 5:35 | Research | Loom |
| 5:47 | Research | Loom |
| 5:52 | Create | Villager (Male) |
| 5:52 | Research | Loom |
| 6:10 | Create | Villager (Male) |
| 6:20 | Create | Villager (Male) |
| 7:02 | Research | Feudal Age |
| 7:17 | Build | Settlement |
| 7:26 | Create | Villager (Male) |
| 9:15 | Age | Feudal Age |
| 9:27 | Research | Double-Bit Axe |
| 9:29 | Create | Spearman |
| 9:32 | Create | Skirmisher |
| 9:46 | Create | Villager (Male) |
| 9:59 | Build | Watch Tower |
| 10:13 | Create | Skirmisher |
| 10:23 | Create | Villager (Male) |
| 10:39 | Build | Settlement |
| 10:45 | Create | Villager (Male) |
| 10:50 | Build | Watch Tower |
| 10:54 | Create | Villager (Male) |
| 11:06 | Create | Villager (Male) |
| 11:31 | Create | Skirmisher |
| 11:35 | Create | Villager (Male) |
| 11:47 | Create | Villager (Male) |
| 11:52 | Create | Skirmisher |
| 12:02 | Create | Villager (Male) |
| 12:21 | Create | Skirmisher |
| 12:24 | Create | Villager (Male) |
| 12:33 | Build | Farm |
| 12:34 | Build | Farm |
| 12:38 | Build | House |
| 12:39 | Build | House |
| 12:46 | Create | Villager (Male) |
| 12:58 | Create | Villager (Male) |
| 13:17 | Create | Villager (Male) |
| 13:25 | Build | Farm |
| 13:50 | Create | Villager (Male) |
| 13:57 | Build | House |
| 13:58 | Build | House |
| 14:12 | Create | Villager (Male) |
| 14:14 | Build | Farm |
| 14:21 | Create | Skirmisher |
| 14:31 | Create | Villager (Male) |
| 14:34 | Create | Villager (Male) |
| 14:37 | Create | Skirmisher |
| 14:38 | Create | Villager (Male) |
| 14:55 | Build | Watch Tower |
| 15:06 | Create | Villager (Male) |
| 15:08 | Build | Farm |
| 15:10 | Build | Farm |
| 15:12 | Create | Skirmisher |
| 15:16 | Create | Villager (Male) |
| 15:29 | Research | Wheelbarrow |
| 15:45 | Create | Villager (Male) |
| 15:50 | Build | Watch Tower |
| 15:53 | Create | Villager (Male) |
| 16:04 | Create | Villager (Male) |
| 16:12 | Build | Watch Tower |
| 16:21 | Create | Villager (Male) |
| 16:48 | Create | Villager (Male) |
| 17:16 | Build | Watch Tower |
| 17:20 | Create | Villager (Male) |
| 17:55 | Create | Villager (Male) |
| 17:59 | Create | Skirmisher |
| 18:00 | Create | Skirmisher |
| 18:23 | Create | Villager (Male) |
| 18:37 | Create | Villager (Male) |
Build order — AiM | Cronnos
109 actions detected in the replay
| 0:00 | Create | Villager (Male) |
| 0:01 | Create | Villager (Male) |
| 0:01 | Create | Villager (Male) |
| 0:02 | Build | House |
| 0:02 | Build | House |
| 0:05 | Create | Villager (Male) |
| 0:05 | Create | Villager (Male) |
| 1:25 | Create | Villager (Male) |
| 1:25 | Create | Villager (Male) |
| 1:50 | Build | Settlement |
| 2:07 | Create | Villager (Male) |
| 2:31 | Create | Villager (Male) |
| 2:32 | Create | Villager (Male) |
| 2:53 | Create | Villager (Male) |
| 2:53 | Create | Villager (Male) |
| 2:53 | Create | Villager (Male) |
| 3:16 | Create | Villager (Male) |
| 3:46 | Create | Villager (Male) |
| 3:49 | Create | Villager (Male) |
| 4:35 | Create | Villager (Male) |
| 5:03 | Create | Villager (Male) |
| 5:12 | Build | Barracks |
| 5:26 | Create | Villager (Male) |
| 5:54 | Create | Villager (Male) |
| 5:54 | Research | Loom |
| 6:42 | Research | Feudal Age |
| 6:42 | Research | Feudal Age |
| 6:47 | Create | Unit 2550 |
| 6:47 | Create | Unit 2550 |
| 7:14 | Build | Settlement |
| 8:19 | Create | Unit 2550 |
| 8:54 | Age | Feudal Age |
| 9:02 | Create | Villager (Male) |
| 9:10 | Research | Tech 1402 |
| 9:28 | Build | Archery Range |
| 9:29 | Create | Villager (Male) |
| 9:43 | Create | Villager (Male) |
| 10:07 | Create | Villager (Male) |
| 10:18 | Create | Villager (Male) |
| 10:23 | Build | House |
| 10:24 | Create | Archer |
| 10:24 | Create | Archer |
| 10:35 | Build | Farm |
| 10:36 | Build | Farm |
| 10:40 | Build | House |
| 10:47 | Create | Villager (Male) |
| 11:03 | Build | Farm |
| 11:04 | Build | House |
| 11:07 | Build | Watch Tower |
| 11:14 | Create | Villager (Male) |
| 11:19 | Build | House |
| 11:20 | Build | Palisade Wall |
| 11:24 | Create | Archer |
| 11:33 | Build | Farm |
| 11:33 | Build | Farm |
| 11:43 | Create | Archer |
| 11:56 | Build | Farm |
| 12:00 | Build | House |
| 12:01 | Create | Villager (Male) |
| 12:10 | Create | Archer |
| 12:21 | Build | Settlement |
| 12:39 | Build | Palisade Wall |
| 12:44 | Create | Archer |
| 12:49 | Create | Villager (Male) |
| 13:07 | Build | Blacksmith |
| 13:20 | Create | Villager (Male) |
| 13:23 | Build | Farm |
| 13:25 | Build | Farm |
| 13:38 | Create | Archer |
| 13:59 | Build | House |
| 14:13 | Create | Villager (Male) |
| 14:15 | Create | Archer |
| 14:21 | Build | House |
| 14:23 | Build | House |
| 14:29 | Create | Villager (Male) |
| 14:43 | Build | House |
| 14:49 | Build | Watch Tower |
| 15:08 | Build | Farm |
| 15:09 | Build | Farm |
| 15:10 | Create | Archer |
| 15:10 | Create | Archer |
| 15:14 | Create | Villager (Male) |
| 15:41 | Create | Villager (Male) |
| 15:46 | Build | Farm |
| 16:07 | Create | Villager (Male) |
| 16:09 | Build | Farm |
| 16:15 | Create | Archer |
| 16:28 | Create | Villager (Male) |
| 16:30 | Build | Farm |
| 16:47 | Build | Outpost |
| 16:56 | Research | Fletching |
| 16:57 | Research | Fletching |
| 17:03 | Build | Farm |
| 17:09 | Create | Villager (Male) |
| 17:10 | Create | Villager (Male) |
| 17:10 | Create | Villager (Male) |
| 17:16 | Create | Archer |
| 17:31 | Build | Watch Tower |
| 17:49 | Create | Unit 2550 |
| 17:52 | Create | Villager (Male) |
| 17:54 | Create | Archer |
| 18:09 | Create | Villager (Male) |
| 18:13 | Create | Archer |
| 18:32 | Create | Unit 2550 |
| 18:39 | Create | Villager (Male) |
| 18:39 | Create | Archer |
| 18:40 | Create | Villager (Male) |
| 18:43 | Build | Farm |
| 18:44 | Build | Farm |
Match timeline
| 5:12 | AiM | Cronnos · first_building Barracks |
| 8:54 | AiM | Cronnos · age_up feudal |
| 9:15 | Hoppsywins · age_up feudal |
| 9:28 | AiM | Cronnos · first_building Archery Range |
| 11:20 | AiM | Cronnos · wall_segment Palisade Wall x1 |
| 12:39 | AiM | Cronnos · wall_segment Palisade Wall x9 |
| 18:57 | Hoppsywins · resign |
[ AI ANALYSIS · 1 CREDIT ]
What really happened in this match?
Wolo.gg analyzes every decision: build order, eco, micro, common mistakes by bracket. Personalized analysis on WhatsApp or Discord in 30 seconds.
Civ guide
Mapuche
Perfil
Jugador #456135